 Dungeon Sprint DCSS version 0.30-a0-540-g0af01429fa (webtiles) character file.

Game seed: 10654978390794418818

277 rocky1 the Unseen (level 6, -10/55 HPs)
             Began as a Naga Brigand on Dec 26, 2022.
             Mangled by a slime creature (18 damage)
             ... in the Dungeon (Sprint I: "Red Sonja").
             The game lasted 00:00:57 (749 turns).

rocky1 the Unseen (Naga Brigand)                     Turns: 749, Time: 00:00:58

Health: -10/55     AC:  4    Str: 13    XL:     6   Next: 25%
Magic:  6/6        EV: 10    Int: 11    God:
Gold:   162        SH:  0    Dex: 15    Spells: 5/5 levels left

rFire   . . .      SeeInvis +    a - +2 dagger
rCold   . . .      Faith    .    (no shield)
rNeg    . . .      Spirit   .    b - +0 robe
rPois   +          Reflect  .    (no helmet)
rElec   .          Harm     .    c - +0 cloak
rCorr   .          Rampage  .    (no gloves)
Will    .....      NoTele   +    (no barding)
Stlth   ++++++                   (no amulet)
HPRegen 0.29/turn                (no ring)
MPRegen 0.10/turn                (no ring)

@: very slow
A: AC +2, large, see invisible, deformed body, poison resistance, slowness 2,
spit poison 1, naga tail 1
a: Spit Poison


You were in the Dungeon.
You visited 1 branch You collected 162 gold pieces.

Inventory:

Hand Weapons
 a - a +2 dagger (weapon)
Missiles
 d - 9 poisoned darts
 e - 3 curare-tipped darts (quivered)
Armour
 b - a +0 robe (worn)
 c - a +0 cloak (worn)
Wands
 l - a wand of polymorph (7)
Scrolls
 k - a scroll of blinking
Potions
 f - a potion of curing
 g - a potion of heal wounds
 h - a potion of haste
 i - 2 potions of magic


   Skills:
 - Level 2.6 Fighting
 + Level 7.0 Short Blades
 - Level 2.2 Throwing
 - Level 1.2 Dodging
 * Level 16.4 Stealth
 - Level 0.3 Unarmed Combat


You had 5 spell levels left.
You didn't know any spells.
Your spell library was empty.

Dungeon Overview and Level Annotations

Branches:
Dungeon (1/1)

Altars:
Makhleb
Xom
Jiyva
Lugonu


Innate Abilities, Weirdness & Mutations

Your serpentine skin is tough. (AC +2)
You have supernaturally acute eyesight. (SInv)
Armour fits poorly on your strangely shaped body.
Your system is resistant to poisons. (rPois)
You cover ground very slowly.
You can spit poison.
You have a snake-like lower body.


Message History

The slime creature barely misses you.
You hit the slime creature.
The slime creature is lightly wounded.
The slime creature hits you but does no damage.
You hit the slime creature.
The slime creature is lightly wounded.
You hit the slime creature.
The slime creature is lightly wounded.
The slime creature hits you!
You hit the slime creature.
The slime creature is lightly wounded.
The slime creature misses you.
You hit the slime creature.
The slime creature is lightly wounded.
You hit the slime creature.
The slime creature is moderately wounded.
The slime creature hits you!
You hit the slime creature.
The slime creature is moderately wounded.
The slime creature hits you!
You hit the slime creature.
The slime creature is moderately wounded.
You hit the slime creature.
The slime creature is moderately wounded.
The slime creature closely misses you.
You hit the slime creature. You punch the slime creature.
The slime creature is heavily wounded.
The slime creature barely misses you.
You hit the slime creature.
The slime creature is heavily wounded.
You hit the slime creature.
The slime creature is heavily wounded.
The slime creature hits you!
* * * LOW HITPOINT WARNING * * *
You hit the slime creature.
The slime creature is heavily wounded.
You barely miss the slime creature.
The slime creature is heavily wounded.
The slime creature hits you!!
You die...

###################
#<.#.)').#..'..#__#
#..'..#..').#..@J.+
#..#####'#####+#__#
#..# #..# ### #..#
#### #..# #⌠⌠# ####


You could see a slime creature.

Vanquished Creatures
  Sigmund (D)
  An ogre (D)
  Ijyb (D)
3 creatures vanquished.

Notes
Turn   | Place    | Note
-------+----------+-------------------------------------------
     0 | D        | rocky1 the Naga Brigand began the quest for the Orb.
     0 | D        | Reached XP level 1. HP: 19/19 MP: 1/1
     1 | D        | Noticed Ijyb
    22 | D        | Killed Ijyb
    23 | D        | Reached skill level 1 in Dodging
    23 | D        | Reached skill level 9 in Stealth
    23 | D        | Reached XP level 2. HP: 23/27 MP: 2/2
    23 | D        | Reached XP level 3. HP: 28/33 MP: 3/3
   317 | D        | Noticed an ogre
   325 | D        | Killed an ogre
   326 | D        | Reached skill level 12 in Stealth
   326 | D        | Reached XP level 4. HP: 20/40 MP: 4/4
   622 | D        | Noticed Sigmund
   632 | D        | Killed Sigmund
   633 | D        | Reached skill level 16 in Stealth
   633 | D        | Reached XP level 5. HP: 24/46 MP: 5/5
   633 | D        | Reached XP level 6. HP: 29/55 MP: 6/6
   733 | D        | Found a burning altar of Makhleb.
   733 | D        | Found a viscous altar of Jiyva.
   733 | D        | Found a shimmering altar of Xom.
   733 | D        | Found a corrupted altar of Lugonu.
   733 | D        | Noticed a slime creature
   749 | D        | Mangled by a slime creature

Illustrated notes

Levels and vault maps discovered:
D:        dungeon_sprint_1 [red_sonja_temple_1, red_sonja_temple_small_1]

Skill      XL: |  1  2  3  4 |
---------------+-------------+-----
Throwing       | 2 |  2.2
Dodging        | 1 |  1.2
Stealth        | 9 12 16 | 16.4
Short Blades   | 4 7 |  7.0
Fighting       | |  2.6
Unarmed Combat | |  0.3

Action                   |  1- 3 |  4- 6 || total
-------------------------+-------+-------++-------
Melee: Unarmed           |    18 |       ||    18
       Dagger            |     7 |    23 ||    30
       Punch             |       |     1 ||     1
Throw: Dart              |       |     1 ||     1
  Use: Potion            |     1 |       ||     1
 Stab: Sleeping          |     1 |       ||     1
Armor: Skin              |     3 |       ||     3
       Robe              |       |     1 ||     1
Dodge: Dodged            |    14 |     5 ||    19

Table legend: (Time is in decaauts)
 A = Elapsed time spent in this place.
 B = Non-inter-level travel time spent in this place.
 C = Inter-level travel time spent in this place.
 D = Time resting spent in this place.
 E = Time spent auto-exploring this place.
 F = Levels seen in this place.
 G = Mean time per level.
                   A        B        C        D        E       F      G
               +--------+--------+--------+--------+--------+-----+--------+
         Total |    765 |    765 |      0 |    675 |      0 |   1 |  765.0 |
       Dungeon |    765 |    765 |      0 |    675 |      0 |   1 |  765.0 |
               +--------+--------+--------+--------+--------+-----+--------+

Top non-repeatable levels by time:
       D: 765 daAuts
